 Dungeon Crawl Stone Soup version 0.18-a0-1327-gce91241 (webtiles) character file.

206 Reinor the Cutter (level 5, -1/27 HPs)
             Began as a Spriggan Abyssal Knight on Feb 16, 2016.
             Was a Priest of Lugonu.
             Slain by a worker ant (6 damage)
             ... on level 4 of the Dungeon.
             The game lasted 00:13:58 (3530 turns).

Reinor the Cutter (Spriggan Abyssal Knight)         Turns: 3530, Time: 00:13:58

Health: -1/27      AC:  2    Str: 13    XL:     5   Next: 53%
Magic:  10/10      EV: 18    Int: 14    God:    Lugonu [***...]
Gold:   229        SH:  0    Dex: 16    Spells: 1 memorised, 7 levels left

rFire  . . .     SeeInvis +     a - +2 short sword
rCold  . . .     Gourm    .     b - +0 robe
rNeg   . . .     Faith    .     (shield restricted)
rPois  .         Spirit   .     (helmet restricted)
rElec  .         Dismiss  .     (no cloak)
rCorr  .         Reflect  .     (gloves unavailable)
SustAt .         Harm     .     (boots unavailable)
MR     .....                    (no amulet)
Stlth  +++.......               (no ring)
                                (no ring)

@: mighty, lethally poisoned (-1 -> -7), very slightly contaminated, very quick,
not resistant to hostile enchantments, fairly stealthy
A: unfitting armour, see invisible, herbivore 3, speed 3, slow metabolism 2
a: Depart the Abyss, Bend Space, Banish, Renounce Religion


You were on level 4 of the Dungeon.
You worshipped Lugonu.
Lugonu was most pleased with you.
You were hungry.

You visited 1 branch of the dungeon, and saw 4 of its levels.
You visited the Abyss 1 time.

You collected 229 gold pieces.

Inventory:

Hand Weapons
 a - a +2 short sword (weapon)
 j - a +0 dagger of holy wrath
Missiles
 i - 4 tomahawks (quivered)
Armour
 b - a +0 robe (worn)
 k - a +0 buckler
Scrolls
 e - 2 scrolls of enchant weapon
 f - a scroll of random uselessness {unknown}
 g - 2 scrolls of enchant armour {unknown}
 h - 3 scrolls of remove curse
 l - 2 scrolls of recharging
 o - 2 scrolls of immolation {unknown}
 p - 2 scrolls of teleportation
 u - a scroll of fear {unknown}
Potions
 m - 2 potions of might
 n - a potion of heal wounds
 s - a potion of cancellation
Books
 d - Kikubaaqudgha's Volume of Dark Rites
   (You found it on level 2 of the Abyss)

   Spells                             Type                      Level
   a - Vampiric Draining              Necromancy                   3
 q - a Necronomicon

   Spells                             Type                      Level
   a - Haunt                          Necromancy/Summoning         7
   b - Borgnjor's Revivification      Necromancy                   8
   c - Death's Door                   Charms/Necromancy            8
   d - Necromutation                  Transmutation/Necromancy     8
 w - a book of Burglary

   Spells                             Type                      Level
   a - Swiftness                      Charms/Air                   2
   b - Passwall                       Transmutation/Earth          2
   c - Passage of Golubria            Translocation                4
   d - Lee's Rapid Deconstruction     Earth                        5
   e - Darkness                       Hexes                        6
   f - Invisibility                   Hexes                        6
Comestibles
 c - 4 bread rations


   Skills:
 - Level 2.5 Fighting
 - Level 5.0 Short Blades
 - Level 3.5 Dodging
 - Level 3.2 Stealth
 + Level 2.7 Spellcasting
 - Level 1.7 Invocations


You had 7 spell levels left.
You knew the following spells:

 Your Spells              Type           Power        Failure   Level  Hunger
a - Passwall              Trmt/Erth      #.........   34%         2    ###....


Dungeon Overview and Level Annotations

Branches:
Dungeon (4/15)
 Temple: D:4-7

Altars:
Ashenzari
Cheibriados
Kikubaaqudgha
Trog
Yredelemnul


Innate Abilities, Weirdness & Mutations

You are tiny and cannot use many weapons and most armour.
You have supernaturally acute eyesight.
You are an herbivore.
You cover ground extremely quickly.
You need consume almost no food.


Message History

You puncture the worker ant!
The worker ant is heavily wounded.
The worker ant completely misses you.
You closely miss the worker ant.
The worker ant is heavily wounded.
The worker ant bites you!
* * * LOW HITPOINT WARNING * * *
You are lethally poisoned!
The worker ant poisons you!
* * * LOW HITPOINT WARNING * * *
You feel sick.
Drink which item? (? for menu, Esc to quit)
Okay, then.
Drink which item? (? for menu, Esc to quit)
It was a potion of cure mutation.
It has a very clean taste.
Your thinking seems confused.
You feel genetically stable.
Your slimy green scales disappear.
* * * LOW HITPOINT WARNING * * *
You feel sick. The worker ant bites you.
You die...

# #.#.#..<.#.####
#.#.#.#....#.....
#.#.............
..............
####.#.....#..#
....$.........#
.>..$......>.###.# #.
#..@a.......#
#.#.##########.###.#..####
#...#.................#
#..##†######............
#..##†# #.#.#.###.#...
#..##.# #.#.#.# .# ###
#..##.# #.#.#.# .# ......#
#.#.# # # #..#### #.#r#


You could see a worker ant.

Vanquished Creatures
  An orc priest (D:4)
  An orc wizard (D:4)
  A worker ant (D:4)
  2 adders
  An ooze (D:2)
  2 adder skeletons (D:4)
  3 giant geckos
  16 orcs
  A ball python (D:3)
  12 bats
  3 giant cockroaches
  2 goblins
  5 hobgoblins
  7 jackals
  7 kobolds
  5 giant newts
  2 gnoll zombies (D:2)
  6 rats
77 creatures vanquished.

Notes
Turn   | Place    | Note
--------------------------------------------------------------
     0 | Abyss:1  | Reinor the Spriggan Abyssal Knight began the quest for the Orb.
     0 | Abyss:1  | Reached XP level 1. HP: 11/11 MP: 3/3
   170 | Abyss:2  | Noticed a deep elf sorcerer
   171 | Abyss:2  | Noticed a cacodemon
   171 | Abyss:2  | Noticed a giant orange brain
   171 | Abyss:2  | Noticed a shadow demon
   173 | Abyss:2  | Identified Kikubaaqudgha's Volume of Dark Rites (You found it on level 2 of the Abyss)
   174 | Abyss:2  | Noticed a rakshasa
   179 | Abyss:2  | Identified the Catalogue of Enchantment (You found it on level 2 of the Abyss)
   180 | D:1      | Escaped the Abyss
   462 | D:1      | Reached * piety under Lugonu
   462 | D:1      | Reached skill level 1 in Stealth
   598 | D:1      | Gained mutation: You possess an exceptional clarity of mind. [potion of mutation]
   598 | D:1      | Gained mutation: You are partially covered in slimy green scales (AC +2). [potion of mutation]
   598 | D:1      | Gained mutation: You evolve. [potion of mutation]
   615 | D:1      | Reached XP level 2. HP: 16/16 MP: 4/4
  1151 | D:2      | Found a bloodstained altar of Trog.
  1174 | D:2      | Reached XP level 3. HP: 19/19 MP: 5/5
  1363 | D:2      | Reached ** piety under Lugonu
  1548 | D:2      | Found a basalt altar of Yredelemnul.
  1771 | D:2      | Found a shattered altar of Ashenzari.
  2152 | D:3      | Reached XP level 4. HP: 19/23 MP: 6/6
  2246 | D:3      | Reached skill level 4 in Short Blades
  2808 | D:3      | Found an ancient bone altar of Kikubaaqudgha.
  2808 | D:3      | Found a snail-covered altar of Cheibriados.
  3147 | D:4      | Reached *** piety under Lugonu
  3147 | D:4      | Reached skill level 5 in Short Blades
  3147 | D:4      | Reached XP level 5. HP: 5/27 MP: 7/7
  3449 | D:4      | Reached skill level 1 in Spellcasting
  3471 | D:4      | Learned a level 2 spell: Passwall
  3530 | D:4      | Lost mutation: You possess an exceptional clarity of mind. [potion of cure mutation]
  3530 | D:4      | Lost mutation: You evolve. [potion of cure mutation]
  3530 | D:4      | Lost mutation: You are partially covered in slimy green scales (AC +2). [potion of cure mutation]
  3530 | D:4      | Slain by a worker ant

Vault maps used:
D:1:      nicolae_arrival_somewhat_less_tricky_arrival, minmay_cut_off
D:2:      lemuel_doored_altar, bloody_trog, lemuel_zombie_altar_yredelemnul,
          first_bread
D:3:      amethyst_overflow_temple_binary
D:4:      nemelex_xobeh_ov_fountains_minmay
Abyss:2:  hangedman_abyss_lost_library

Action                   |  1- 3 |  4- 6 || total
-------------------------+-------+-------++-------
Melee: Short sword       |   130 |   116 ||   246
Invok: Depart the Abyss  |     1 |       ||     1
  Use: Scroll            |     9 |     2 ||    11
       Potion            |     1 |     4 ||     5
 Stab: Sleeping          |     8 |    10 ||    18
